 Dungeon Crawl Stone Soup version 0.27-a0-1154-gfdeffcb720 (webtiles) character file.

Game seed: 10598549384283595379

24 freelancePsychic the Sneak (level 3, 0/24 HPs)
             Began as a Kobold Delver on May 14, 2021.
             Slain by a gnoll
             ... wielding a +0 flail
              (9 damage)
             ... on level 1 of the Dungeon.
             The game lasted 00:03:49 (1509 turns).

freelancePsychic the Sneak (Kobold Delver)          Turns: 1509, Time: 00:03:50

Health: 0/24       AC:  3    Str: 10    XL:     3   Next: 15%
Magic:  3/3        EV: 14    Int: 11    God:
Gold:   51         SH:  0    Dex: 16    Spells: 2/2 levels left

rFire    . . .     SeeInvis .   m - +0 dagger
rCold    . . .     Faith    .   (shield restricted)
rNeg     . . .     Spirit   .   b - +0 leather armour
rPois    .         Reflect  .   (no helmet)
rElec    .         Harm     .   (no cloak)
rCorr    .         Rampage  .   (no gloves)
Will     .....                  (no boots)
Stlth    ++++......             (no amulet)
HPRegen  0.08/turn              (no ring)
MPRegen  0.08/turn              (no ring)

@: no status effects
A: small, no large weapons, nightstalker 3
a: no special abilities


You were on level 1 of the Dungeon.
You visited 1 branch of the dungeon, and saw 5 of its levels.

You collected 51 gold pieces.

Inventory:

Hand Weapons
 a - a +0 short sword
 m - a +0 dagger (weapon)
Armour
 b - a +0 leather armour (worn)
Jewellery
 d - an amulet of magic regeneration
Wands
 g - a wand of digging (3)
Scrolls
 c - a scroll of fog
 e - 2 scrolls of fear
 i - a scroll of blinking {unknown}
 j - a scroll of holy word {unknown}
 l - a scroll of noise {unknown}
Potions
 f - a potion of haste {@q3}
 h - 3 potions of degeneration {unknown}
 k - a potion of curing {unknown}


   Skills:
 + Level 3.6 Fighting
 * Level 3.9 Short Blades
 - Level 2.4 Dodging
 + Level 6.7 Stealth


You had 2 spell levels left.
You didn't know any spells.
Your spell library was empty.

Dungeon Overview and Level Annotations

Branches:
Dungeon (5/15)
 Temple: D:4-7

Altars:

Annotations:
D:5 Prince Ribbit


Innate Abilities, Weirdness & Mutations

You are small and have problems with some larger weapons.
You are completely attuned to the shadows.


Message History

The quokka misses you.
You hit the quokka but do no damage.
The quokka is almost dead.
The quokka bites you.
You hit the quokka but do no damage.
The quokka is almost dead.
The quokka bites you but does no damage.
You barely miss the quokka.
The quokka is almost dead.
The quokka bites you but does no damage.
You hit the quokka.
You kill the quokka!
You start resting.
HP restored.
You see here a quokka corpse.
Found a whip.
Found 7 stones.
A hobgoblin comes into view.
You see here 7 stones.
A gnoll comes into view. It is wielding a +0 flail.
Found 23 stones.
The hobgoblin shouts!
The gnoll shouts!
You hear a shout! x2
A gnoll comes into view. It is wielding a +0 flail.
A gnoll comes into view. It is wielding a +0 spear.
The hobgoblin misses you.
You closely miss the hobgoblin. The hobgoblin barely misses you.
You see here 7 stones.
You see here a quokka corpse.
You hit the gnoll but do no damage. The gnoll hits you with a +0 flail!
There is a stone staircase leading up here.
The gnoll closely misses you.
You climb upwards.
There is a stone staircase leading down here.
You hit the gnoll but do no damage. The gnoll hits you with a +0 flail!
* * * LOW HITPOINT WARNING * * *
There is a stone staircase leading down here.
You see here a +0 short sword.
You see here a +0 club.
The gnoll hits you with a +0 flail!
You die...

# #..###.# #.# #.#.## #
#..#...# #.# #.#.#
##.#...######.##### ####.#.#
####................# #....#.#
..........####..###.###.####.#
###........# #..# #..##.# #.#
....#....#.# #..# ##.##.# #.#
.####....#.# #..####..#.# #.#
..###....#.###..@.###...# #.#
.....>...#..##.##g# #..## #.#
...##....##.#..##.###..# #.#
...##.##.##...###..##..# #†#
..###.##.###..# ##.##).# #.#
.####.##..#...####.##..# #.#
>......##...#...##.##### #.#
######...#..##.......#### #.#
##.#.....#.....#....## #.#


You could see a gnoll.

Vanquished Creatures
  A dart slug (D:1)
  4 bats
  2 goblins
  5 hobgoblins
  2 quokkas
  3 frilled lizards (D:1)
  A kobold (D:2)
  A rat (D:1)
19 creatures vanquished.

Notes
Turn   | Place    | Note
-------+----------+-------------------------------------------
     0 | D:5      | freelancePsychic the Kobold Delver began the quest for the
                  | Orb.
     0 | D:5      | Reached XP level 1. HP: 14/14 MP: 1/1
    23 | D:5      | Noticed a scorpion
    31 | D:5      | Noticed Prince Ribbit
   228 | D:1      | Reached XP level 2. HP: 13/19 MP: 2/2
   845 | D:1      | Reached XP level 3. HP: 8/23 MP: 3/3
  1509 | D:1      | Slain by a gnoll

Illustrated notes

Levels and vault maps discovered:
D:1:      dpeg_arrival_refuge, layout_rooms, corexii_corridor_pit
D:2:      layout_basic, basic_ecumenical_altar
D:3:      layout_loops_cross, cheibrodos_ashenzari_chains,
          nemelex_dance_club_becter, grunt_temple_overflow_gold_and_silver,
          roderic_roman_lattice, minmay_fractal_squares_gapless_5
D:4:      wad_lake_hut, layout_basic, lemuel_coloured_pillars_altar,
          nzn_wu_jian_council_hall, chequers_mini_garden
D:5:      layout_loops_corners, bh_walls_and_bars, uniq_grinder,
          uniq_prince_ribbit1, uniq_eustachio

Skill      XL: |  1 |
---------------+----+-----
Short Blades   | 3 |  3.9
Fighting       | |  3.6
Dodging        | |  2.4
Stealth        | |  6.7

Action                   || total
-------------------------++-------
Melee: Short sword       ||    30
       Dagger            ||    52
  Use: Scroll            ||     1
 Stab: Sleeping          ||     7
Armor: Leather armour    ||    26
Dodge: Dodged            ||    57

Table legend: (Time is in decaauts)
 A = Elapsed time spent in this place.
 B = Non-inter-level travel time spent in this place.
 C = Inter-level travel time spent in this place.
 D = Time resting spent in this place.
 E = Time spent auto-exploring this place.
 F = Levels seen in this place.
 G = Mean time per level.
                   A        B        C        D        E       F      G
               +--------+--------+--------+--------+--------+-----+--------+
         Total |   1497 |   1473 |     24 |    281 |    845 |   5 |  299.4 |
       Dungeon |   1497 |   1473 |     24 |    281 |    845 |   5 |  299.4 |
               +--------+--------+--------+--------+--------+-----+--------+

Top non-repeatable levels by time:
     D:1: 1132 daAuts
     D:2: 290 daAuts
     D:5: 34 daAuts
     D:3: 20 daAuts
     D:4: 18 daAuts
